 Dungeon Crawl Stone Soup version 0.29.0-4-gdea44cf6ec (webtiles) character file.

Game seed: 5471168846456978060

1947 qw the Cleaver (level 8, 0/56 (64) HPs)
             Began as a Demonspawn Cinder Acolyte on Sept 9, 2022.
             Was a Follower of Ignis.
             Slain by a wight
             ... wielding a +0 war axe
              (1 damage)
             ... on level 8 of the Dungeon.
             The game lasted 00:02:42 (7949 turns).

qw the Cleaver (Demonspawn Cinder Acolyte)          Turns: 7949, Time: 00:02:43

HP:   0/56 (64)     AC: 25    Str: 17    XL:     8   Next: 98%
MP:   9/9           EV:  7    Int: 18    God:    Ignis [*.....]
Gold: 491           SH:  0    Dex:  8    Spells: 9/9 levels left

rFire   + . .      SeeInvis +   i - +0 war axe
rCold   . . .      Faith    .   (no shield)
rNeg    . . .      Spirit   .   h - +0 chain mail
rPois   +          Reflect  .   o - +3 crown of Dyrovepreva {rElec Int+2 SInv}
rElec   +          Harm     .   c - +0 cloak
rCorr   +          Rampage  .   (no gloves)
Will    .....                   a - +2 pair of boots
Stlth   ..........              (no amulet)
HPRegen 0.18/turn               k - ring of poison resistance
MPRegen 0.22/turn               j - ring of resist corrosion

@: about to teleport, fiery-armoured, heavily drained
A: horns 2, thin metallic scales 1, foul stench 1, magic regeneration
a: Renounce Religion, Fiery Armour, Foxfire Swarm, Rising Flame


You were on level 8 of the Dungeon.
You worshipped Ignis.
Ignis was aware of your devotion.
You visited 1 branch of the dungeon, and saw 8 of its levels.
You also visited: Ossuary.

You collected 491 gold pieces.


Innate Abilities, Weirdness & Mutations

You have a pair of horns on your head.
You are partially covered in thin metallic scales. (AC +2)
You may rarely emit foul miasma when damaged in melee.
You regenerate magic rapidly.


   Skills:
 - Level 6.0 Fighting
 + Level 9.3 Axes
 - Level 3.0 Armour
 - Level 1.2 Dodging
 - Level 1.0 Spellcasting
 - Level 2.6 Fire Magic


You had 9 spell levels left.
You didn't know any spells.
Your spell library contained the following spells:

 Spells                   Type           Power      Damage    Failure   Level
 Scorch                   Fire           20%        2d6       83%         2

Inventory:

Hand Weapons
 i - a +0 war axe (weapon)
 Y - a -1 hand axe of flaming
Armour
 a - a +2 pair of boots (worn)
 c - a +0 cloak (worn)
 h - a +0 chain mail (worn)
 o - the +3 crown of Dyrovepreva (worn) {rElec Int+2 SInv}
   (You found it on level 3 of the Dungeon)

   Int:       It affects your intelligence (+2).
   rElec:     It insulates you from electricity.
   SInv:      It lets you see invisible.
Jewellery
 j - a ring of resist corrosion (right hand)
 k - a ring of poison resistance (left hand)
Scrolls
 l - 3 scrolls of teleportation
 m - a scroll of identify
Potions
 b - 2 potions of mutation
 d - 2 potions of haste
 e - a potion of cancellation
 f - a potion of might
 g - a potion of curing
 n - a potion of heal wounds {unknown}
 r - a potion of resistance

Dungeon Overview and Level Annotations

Branches:
Dungeon (8/15)             Temple (0/1) D:7         Ossuary (visited)
   Lair: D:8-11

Altars:
Cheibriados
Okawaru
Qazlal
Trog


Message History

The wight is severely damaged.
You hit the wight but do no damage. The wight closely misses you.
The wight barely misses you.
The wight hits you with a +3 falchion of freezing.
You feel drained. The wight freezes you.
You emit a cloud of foul miasma!
You hit the wight but do no damage. Your headbutt misses the wight.
The wight is severely damaged.
You slash the wight!
The wight hits you from afar with a +2 trident.
The wight hits you with a +0 war axe.
You feel drained.
You emit a cloud of foul miasma!
The wight hits you but does no damage.
You closely miss the wight.
The wight is severely damaged.
You closely miss the wight. The wight barely misses you. x2
The wight hits you with a +3 falchion of freezing!
The wight freezes you.
7947 ||| INVOKING Fiery Armour.
A protective cloak of flame settles atop you.
The wight hits you from afar with a +2 trident.
You feel drained. The wight hits you with a +0 war axe.
You feel drained.
The wight is burned by your cloak of flames.
The wight is almost destroyed.
The wight hits you with a +3 falchion of freezing!
You feel drained. The wight freezes you.
The wight is burned by your cloak of flames.
The wight is almost destroyed.
7948 ||| READING 4 scrolls of teleportation.
As you read the scroll of teleportation, it crumbles to dust.
You feel strangely unstable. The wight hits you with a +0 war axe.
The wight hits you but does no damage.
The wight is burned by your cloak of flames.
The wight is almost destroyed.
The wight hits you from afar with a +2 trident.
You slash the wight!
You destroy the wight!
You hit the wight but do no damage.
The wight hits you from afar with a +2 trident.
You feel drained. The wight hits you with a +0 war axe.
You die...

... ..z ...z
..... ####
.zz######....
....#......
#.z......[
##0.......
##@z........
##...........
####
##............
####..#
#.............
###.....#
##............
.......##
#............
.......#
###..........
......##
##.........
......#
##......##


You could see 2 wights.

Vanquished Creatures
  Maggie (D:7)
  A wraith (Ossuary)
  Menkaure (D:7)
  2 sky beasts
  An ice beast (D:5)
  An ogre (D:5)
  A centaur (D:6)
  A phantom (D:5)
  A bullfrog (D:7)
  A scorpion (D:6)
  A wight (D:8)
  2 jellies
  5 hounds
  An orc priest (D:3)
  5 iguanas
  4 orc wizards
  Terence (D:3)
  A mummy (Ossuary)
  A gnoll (D:1)
  8 adders
  A shadow imp (D:7)
  3 white imps
  An ufetubus (D:5)
  3 worms
  3 dart slugs
  28 orcs
  6 bats
  3 endoplasms
  A giant cockroach (D:4)
  4 goblins
  3 hobgoblins
  3 jackals (D:1)
  3 quokkas
  6 ball pythons
  4 frilled lizards (D:1)
  5 gnoll skeletons (Ossuary)
  8 kobolds
  6 kobold skeletons (Ossuary)
  14 orc skeletons (Ossuary)
  7 rats
152 creatures vanquished.

Notes
Turn   | Place    | Note
-------+----------+-------------------------------------------
     0 | D:1      | qw the Demonspawn Cinder Acolyte began the quest for the
                  | Orb.
     0 | D:1      | Reached XP level 1. HP: 18/18 MP: 2/2
     0 | D:1      | 0 ||| qw: Version: 0.1-a-113-g051387a
     0 | D:1      | 0 ||| qw: Game counter: 7285
     0 | D:1      | 0 ||| qw: Always use a shield: true
     0 | D:1      | 0 ||| qw: God list: Okawaru
     0 | D:1      | 0 ||| qw: Allow faded altars: false
     0 | D:1      | 0 ||| qw: Do Orc after D:15 true
     0 | D:1      | 0 ||| qw: Do second Lair branch before Depths: true
     0 | D:1      | 0 ||| qw: Lair rune preference: random
     0 | D:1      | 0 ||| qw: Plans: Normal
     0 | D:1      | 0 ||| PLANNING D:1-11
   126 | D:1      | Reached skill level 3 in Axes
   127 | D:1      | 127 ||| Stepping ~*~*~tactically~*~*~ (stealth).
   134 | D:1      | 134 ||| INVOKING Fiery Armour.
   328 | D:1      | 328 ||| Stepping ~*~*~tactically~*~*~ (hiding).
   338 | D:1      | Gained mutation: You may rarely emit foul miasma when
                  | damaged in melee. [demonic ancestry]
   338 | D:1      | Reached XP level 2. HP: 19/24 MP: 3/3
   959 | D:1      | 959 ||| Stepping ~*~*~tactically~*~*~ (stealth).
  1111 | D:1      | Found a faded altar of an unknown god.
  1140 | D:1      | 1140 ||| Stepping ~*~*~tactically~*~*~ (hiding).
  1141 | D:1      | 1141 ||| Stepping ~*~*~tactically~*~*~ (hiding).
  1151 | D:1      | 1151 ||| INVOKING Fiery Armour.
  1154 | D:1      | HP: 6/24 [gnoll/+0 spear (5)]
  1155 | D:1      | Reached skill level 4 in Axes
  1155 | D:1      | Gained mutation: You have a pair of small horns on your
                  | head. [demonic ancestry]
  1155 | D:1      | Reached XP level 3. HP: 7/29 MP: 4/4
  1406 | D:1      | 1406 ||| UPGRADING to +0 chain mail.
  1416 | D:1      | 1416 ||| DROPPING +0 robe.
  1417 | D:1      | 1417 ||| READING scroll labelled POCUVE GUADI.
  1518 | D:1      | 1518 ||| READING scroll labelled FYARIQ DAMUAGH.
  1852 | D:2      | Reached skill level 1 in Armour
  2041 | D:2      | 2041 ||| Stepping ~*~*~tactically~*~*~ (stealth).
  2043 | D:2      | 2043 ||| Stepping ~*~*~tactically~*~*~ (stealth).
  2045 | D:2      | 2045 ||| Stepping ~*~*~tactically~*~*~ (stealth).
  2052 | D:2      | 2052 ||| FLEEEEING.
  2053 | D:2      | 2053 ||| FLEEEEING.
  2054 | D:2      | 2054 ||| FLEEEEING.
  2055 | D:2      | 2055 ||| FLEEEEING.
  2057 | D:2      | 2057 ||| FLEEEEING.
  2058 | D:2      | 2058 ||| FLEEEEING.
  2059 | D:2      | 2059 ||| FLEEEEING.
  2060 | D:2      | 2060 ||| FLEEEEING.
  2191 | D:2      | Gained mutation: You regenerate magic rapidly. [demonic
                  | ancestry]
  2191 | D:2      | Reached XP level 4. HP: 35/35 MP: 5/5
  2515 | D:2      | 2515 ||| UPGRADING to +0 pair of boots.
  2520 | D:2      | 2520 ||| DROPPING ring of magical power.
  2521 | D:2      | 2521 ||| READING 2 scrolls labelled ZAGASS TOMPODI.
  2522 | D:2      | 2522 ||| READING scroll labelled TUSHAU JEODIC.
  2523 | D:2      | 2523 ||| DRINKING 2 fizzy emerald potions.
  2524 | D:2      | 2524 ||| DROPPING scroll of immolation.
  2557 | D:3      | 2557 ||| Stepping randomly (stuck).
  2558 | D:3      | 2558 ||| Stepping randomly (stuck).
  2560 | D:3      | 2560 ||| Stepping randomly (stuck).
  2562 | D:3      | 2562 ||| Stepping randomly (stuck).
  2591 | D:3      | 2591 ||| INVOKING Fiery Armour.
  3004 | D:3      | Noticed Terence
  3011 | D:3      | Killed Terence
  3012 | D:3      | Reached skill level 5 in Axes
  3012 | D:3      | Reached XP level 5. HP: 38/41 MP: 6/6
  3213 | D:3      | Found the +3 crown of Dyrovepreva {rElec Int+2 SInv}
  3304 | D:3      | 3304 ||| UPGRADING to +0 cloak.
  3309 | D:3      | 3309 ||| UPGRADING to +3 crown of Dyrovepreva {rElec Int+2
                  | SInv}.
  3314 | D:3      | 3314 ||| UPGRADING to ring of poison resistance.
  3315 | D:3      | 3315 ||| READING scroll labelled QOACKO WYTYDOE.
  3320 | D:3      | 3320 ||| READING 2 scrolls labelled XUOMUN IQUXZEN.
  3321 | D:3      | 3321 ||| READING scroll labelled TYLENUTHRAH.
  3322 | D:3      | 3322 ||| READING 2 scrolls labelled HIG GIRAWNI.
  3323 | D:3      | 3323 ||| DROPPING scroll of blinking.
  3324 | D:3      | 3324 ||| DROPPING scroll of vulnerability.
  3396 | D:4      | You fall into a shaft and drop 1 floor!
  3396 | D:5      | Entered Level 5 of the Dungeon
  3477 | D:5      | 3477 ||| UPGRADING to ring of resist corrosion.
  3478 | D:5      | 3478 ||| READING scroll labelled SECHIA IMIT.
  3510 | D:4      | 3510 ||| Stepping ~*~*~tactically~*~*~ (stealth).
  3511 | D:4      | 3511 ||| Stepping ~*~*~tactically~*~*~ (stealth).
  3621 | D:4      | 3621 ||| Stepping ~*~*~tactically~*~*~ (stealth).
  3624 | D:4      | 3624 ||| Stepping ~*~*~tactically~*~*~ (hiding).
  3630 | D:4      | 3630 ||| INVOKING Fiery Armour.
  3635 | D:4      | Reached XP level 6. HP: 47/47 MP: 7/7
  3697 | D:4      | 3697 ||| Stepping ~*~*~tactically~*~*~ (stealth).
  3699 | D:4      | 3699 ||| Stepping ~*~*~tactically~*~*~ (stealth).
  3706 | D:4      | 3706 ||| Stepping ~*~*~tactically~*~*~ (stealth).
  3707 | D:4      | 3707 ||| Stepping ~*~*~tactically~*~*~ (stealth).
  3708 | D:4      | 3708 ||| Stepping ~*~*~tactically~*~*~ (stealth).
  3751 | D:4      | 3751 ||| Stepping ~*~*~tactically~*~*~ (stealth).
  4036 | D:4      | 4036 ||| DRINKING 2 orange potions.
  4037 | D:4      | 4037 ||| READING 3 scrolls of identify.
  4037 | D:4      | 4037 ||| IDENTIFYING yellow potion
  4038 | D:4      | 4038 ||| READING 2 scrolls of identify.
  4038 | D:4      | 4038 ||| IDENTIFYING sapphire potion
  4039 | D:4      | 4039 ||| DROPPING potion of attraction.
  4040 | D:4      | 4040 ||| DROPPING potion of brilliance.
  4055 | D:5      | Found a stormy altar of Qazlal.
  4075 | D:5      | 4075 ||| Stepping ~*~*~tactically~*~*~ (stealth).
  4076 | D:5      | 4076 ||| Stepping ~*~*~tactically~*~*~ (stealth).
  4080 | D:5      | 4080 ||| Stepping ~*~*~tactically~*~*~ (hiding).
  4090 | D:5      | Reached skill level 6 in Axes
  4109 | D:5      | 4109 ||| INVOKING Fiery Armour.
  4158 | D:5      | 4158 ||| FLEEEEING.
  4159 | D:5      | 4159 ||| FLEEEEING.
  4454 | D:5      | Gained mutation: You are partially covered in thin metallic
                  | scales. (AC +2) [demonic ancestry]
  4454 | D:5      | Reached XP level 7. HP: 47/54 MP: 8/8
  4566 | D:5      | Found a snail-covered altar of Cheibriados.
  4849 | D:5      | 4849 ||| Stepping ~*~*~tactically~*~*~ (hiding).
  4855 | D:5      | 4855 ||| Stepping ~*~*~tactically~*~*~ (hiding).
  5281 | D:5      | Reached skill level 7 in Axes
  5406 | D:5      | 5406 ||| READING scroll labelled KUICHU ASORAODGH.
  5407 | D:5      | 5407 ||| READING 2 scrolls of identify.
  5407 | D:5      | 5407 ||| IDENTIFYING fuming ruby potion
  5447 | D:6      | 5447 ||| PLANNING OSSUARY
  5479 | D:6      | Reached skill level 1 in Dodging
  5649 | D:6      | 5649 ||| Stepping ~*~*~tactically~*~*~ (stealth).
  5649 | D:6      | Found a sand-covered staircase.
  5650 | D:6      | 5650 ||| Stepping ~*~*~tactically~*~*~ (stealth).
  5652 | D:6      | 5652 ||| Stepping ~*~*~tactically~*~*~ (stealth).
  5653 | D:6      | 5653 ||| INVOKING Fiery Armour.
  5680 | Ossuary  | Entered an ossuary
  5680 | Ossuary  | Noticed a wraith
  5680 | Ossuary  | Noticed a wraith
  5680 | Ossuary  | Noticed a wraith
  5808 | Ossuary  | Noticed a wraith
  5840 | Ossuary  | Killed a wraith
  5841 | Ossuary  | Reached skill level 8 in Axes
  5841 | Ossuary  | Gained mutation: You have a pair of horns on your head.
                  | [demonic ancestry]
  5841 | Ossuary  | Reached XP level 8. HP: 44/60 MP: 9/9
  5921 | Ossuary  | 5921 ||| READING scroll of enchant armour.
  5921 | Ossuary  | 5921 ||| ENCHANTING +0 pair of boots.
  6067 | Ossuary  | 6067 ||| READING scroll labelled SUCU YSOUN.
  6068 | Ossuary  | 6068 ||| DRINKING 2 lumpy yellow potions.
  6069 | Ossuary  | 6069 ||| READING 5 scrolls of identify.
  6069 | Ossuary  | 6069 ||| IDENTIFYING green potion
  6070 | Ossuary  | 6070 ||| READING 4 scrolls of identify.
  6070 | Ossuary  | 6070 ||| IDENTIFYING dark potion
  6071 | Ossuary  | 6071 ||| READING 3 scrolls of identify.
  6071 | Ossuary  | 6071 ||| IDENTIFYING amethyst potion
  6072 | Ossuary  | 6072 ||| READING 2 scrolls of identify.
  6072 | Ossuary  | 6072 ||| IDENTIFYING fuming orange potion
  6073 | Ossuary  | 6073 ||| DROPPING potion of flight.
  6074 | Ossuary  | 6074 ||| DROPPING potion of degeneration.
  6082 | D:6      | 6082 ||| PLANNING D:1-11
  6156 | D:6      | Found an iron altar of Okawaru.
  6187 | D:6      | 6187 ||| Stepping ~*~*~tactically~*~*~ (hiding).
  6218 | D:6      | 6218 ||| Stepping ~*~*~tactically~*~*~ (stealth).
  6228 | D:6      | Reached skill level 3 in Armour
  6670 | D:6      | 6670 ||| READING scroll labelled JUTHRAU VUILUN.
  6671 | D:6      | 6671 ||| READING 2 scrolls of identify.
  6671 | D:6      | 6671 ||| IDENTIFYING white potion
  6672 | D:6      | 6672 ||| DROPPING potion of ambrosia.
  6741 | D:7      | Noticed Maggie
  6742 | D:7      | 6742 ||| Stepping ~*~*~tactically~*~*~ (hiding).
  6743 | D:7      | 6743 ||| Stepping ~*~*~tactically~*~*~ (hiding).
  6744 | D:7      | 6744 ||| Stepping ~*~*~tactically~*~*~ (hiding).
  6745 | D:7      | 6745 ||| Stepping ~*~*~tactically~*~*~ (hiding).
  6746 | D:7      | 6746 ||| SWAPPING to +0 war axe.
  6756 | D:7      | Killed Maggie
  6762 | D:7      | 6762 ||| FLEEEEING.
  6778 | D:7      | Reached skill level 9 in Axes
  6778 | D:7      | 6778 ||| FLEEEEING.
  6779 | D:7      | 6779 ||| FLEEEEING.
  6780 | D:7      | 6780 ||| FLEEEEING.
  6781 | D:7      | 6781 ||| FLEEEEING.
  6782 | D:7      | 6782 ||| FLEEEEING.
  6783 | D:7      | 6783 ||| FLEEEEING.
  6784 | D:7      | 6784 ||| FLEEEEING.
  6785 | D:7      | 6785 ||| FLEEEEING.
  6786 | D:7      | 6786 ||| FLEEEEING.
  6787 | D:7      | 6787 ||| FLEEEEING.
  6788 | D:7      | 6788 ||| FLEEEEING.
  6789 | D:7      | 6789 ||| FLEEEEING.
  6790 | D:7      | 6790 ||| FLEEEEING.
  6791 | D:7      | 6791 ||| FLEEEEING.
  6792 | D:7      | 6792 ||| FLEEEEING.
  6793 | D:7      | 6793 ||| FLEEEEING.
  6794 | D:7      | 6794 ||| STAIRDANCE
  6909 | D:7      | 6909 ||| READING scroll of enchant armour.
  6909 | D:7      | 6909 ||| ENCHANTING +1 pair of boots.
  6996 | D:7      | Found a staircase to the Ecumenical Temple.
  7063 | D:7      | Noticed Menkaure
  7067 | D:7      | 7067 ||| INVOKING Fiery Armour.
  7067 | D:7      | HP: 16/64 [??? (13)]
  7068 | D:7      | 7068 ||| READING 5 scrolls of teleportation.
  7397 | D:7      | 7397 ||| Stepping ~*~*~tactically~*~*~ (hiding).
  7403 | D:7      | Reached skill level 6 in Fighting
  7403 | D:7      | 7403 ||| Stepping ~*~*~tactically~*~*~ (hiding).
  7416 | D:7      | 7416 ||| INVOKING Fiery Armour.
  7418 | D:7      | Killed Menkaure
  7619 | D:7      | 7619 ||| Stepping ~*~*~tactically~*~*~ (hiding).
  7620 | D:7      | 7620 ||| Stepping ~*~*~tactically~*~*~ (hiding).
  7733 | D:7      | Noticed a moth of wrath
  7737 | D:7      | Found a bloodstained altar of Trog.
  7741 | D:7      | 7741 ||| INVOKING Fiery Armour.
  7936 | D:8      | 7936 ||| Stepping ~*~*~tactically~*~*~ (stealth).
  7938 | D:8      | 7938 ||| Stepping ~*~*~tactically~*~*~ (hiding).
  7947 | D:8      | 7947 ||| INVOKING Fiery Armour.
  7947 | D:8      | HP: 11/60 [wight/+3 falchion of freezing (8)]
  7948 | D:8      | 7948 ||| READING 4 scrolls of teleportation.
  7948 | D:8      | HP: 5/58 [wight/+2 trident (1)]
  7949 | D:8      | HP: 2/58 [wight/+2 trident (3)]
  7949 | D:8      | Slain by a wight

Levels and vault maps discovered:
D:1:      dpeg_arrival_rhombi, layout_rooms, shapermc_ecumenical_altar_pompeii,
          minmay_splitting_lines
D:2:      layout_loops_ring, minmay_vboxes
D:3:      cheibrodos_pilgrimage, layout_loops_ring, uniq_terence
D:4:      layout_cave_pools
D:5:      layout_loops_ring, grunt_qazlal_sundering, kennysheep_slug_shrine
D:6:      layout_loops_ring, okawaru_metal_pillars_1_2,
          chequers_ossuary_entry_cave
D:7:      layout_rooms, tgw_trog, kennysheep_mini, lemuel_temple_firewalk_b,
          minmay_crystal_water, uniq_maggie, uniq_menkaure
D:8:      cheibrodos_fzero, layout_cave_pods, serial_shops, nicolae_shop_stone,
          corexii_corridor_pit

Skill      XL: |  1  2  3  4  5  6  7  8 |
---------------+-------------------------+-----
Axes           | 3 4 5 6 8 9 |  9.3
Armour         | 1 2 3 |  3.0
Fighting       | 4 6 |  6.0
Dodging        | 1 |  1.2
Spellcasting   | |  1.0
Fire Magic     | |  2.6

Action                   |  1- 3 |  4- 6 |  7- 9 || total
-------------------------+-------+-------+-------++-------
Melee: Hand axe          |   108 |   129 |   188 ||   425
       Punch             |     1 |     1 |     8 ||    10
       Headbutt          |     1 |    17 |    53 ||    71
       War axe           |       |       |    72 ||    72
Throw: Boomerang         |       |     3 |       ||     3
Invok: Fiery Armour      |     2 |     3 |     5 ||    10
  Use: Scroll            |     2 |     9 |    13 ||    24
       Potion            |       |     2 |     1 ||     3
Armor: Robe              |    16 |       |       ||    16
       Chain mail        |    16 |    82 |   144 ||   242
Dodge: Dodged            |    73 |    33 |    76 ||   182

Table legend:
 A = Non-vault XP
 B = Vault XP
 C = Vault XP percentage of total XP
 D = Non-vault monster count
 E = Vault monster count
 F = Vault count percentage of total count
                 A         B        C        D         E       F
            +---------+---------+-------+---------+---------+-------
      Total |    1913 |     947 |  33.1 |     105 |      47 |  30.9
            +---------+---------+-------+---------+---------+-------
        D:1 |      54 |       0 |   0.0 |      25 |       0 |   0.0
        D:2 |      22 |      25 |  53.2 |       7 |       5 |  41.7
        D:3 |      22 |      87 |  79.8 |       5 |       7 |  58.3
        D:4 |     240 |       0 |   0.0 |      23 |       0 |   0.0
        D:5 |     627 |       4 |   0.6 |      15 |       1 |   6.2
        D:6 |     560 |       0 |   0.0 |      15 |       0 |   0.0
        D:7 |     310 |     590 |  65.6 |      14 |       7 |  33.3
        D:8 |      78 |       0 |   0.0 |       1 |       0 |   0.0
    Ossuary |       0 |     241 | 100.0 |       0 |      27 | 100.0
            +---------+---------+-------+---------+---------+-------
